 Dungeon Crawl Stone Soup version 0.22.1-2-g9c5b331 (webtiles) character file.

840 WarriorsX the Magician (level 7, -3/51 HPs)
             Began as a White Draconian Fire Elementalist on Dec 28, 2018.
             Splashed by Ijyb's acid (13 damage)
             ... on level 5 of the Dungeon.
             The game lasted 00:15:34 (3875 turns).

WarriorsX the Magician (DrFE)                       Turns: 3875, Time: 00:15:39

Health: -3/51      AC:  2    Str: 10 (11) XL:     7   Next: 67%
Magic:  11/26      EV: 12    Int: 17      God:
Gold:   201        SH:  0    Dex: 11      Spells: 17/20 levels left

rFire    . . .     SeeInvis .   m - +0 trident
rCold    + + .     Gourm    .   (no shield)
rNeg     . . .     Faith    .   (armour unavailable)
rPois    .         Spirit   .   (helmet restricted)
rElec    .         Reflect  .   (no cloak)
rCorr    .         Harm     .   (no gloves)
MR       .....                  (no boots)
Stlth    ++........             (no amulet)
HPRegen  0.17/turn              l - ring of protection from cold
MPRegen  0.20/turn              p - ring of magical power

@: short of breath, corroded
A: breathe frost, unfitting armour, cold resistance 1, cold-blooded, AC +6
a: Breathe Frost


You were on level 5 of the Dungeon.
You were hungry.

You visited 1 branch of the dungeon, and saw 5 of its levels.

You collected 201 gold pieces.

Inventory:

Hand Weapons
 m - a +0 trident (weapon)
Jewellery
 l - a ring of protection from cold (left hand)
 p - a ring of magical power (right hand)
Scrolls
 c - 6 scrolls of identify {unknown}
 f - 3 scrolls of enchant weapon {unknown}
 g - 3 scrolls of teleportation {unknown}
 h - 2 scrolls of amnesia {unknown}
 j - 5 scrolls of remove curse {unknown}
 n - 2 scrolls of random uselessness {unknown}
 s - a scroll of noise {unknown}
 t - a scroll of enchant armour {unknown}
Potions
 a - a potion of degeneration
 d - a potion of lignification {unknown}
 e - 3 potions of might {unknown}
 i - a potion of flight {unknown}
 k - 4 potions of agility
 o - a potion of haste {unknown}
 q - 4 potions of heal wounds
 r - a potion of curing {unknown}
Comestibles
 b - 3 rations
 u - 2 chunks of flesh


   Skills:
 - Level 0.3 Fighting
   Level 0.2 Short Blades
 - Level 1.7 Dodging
 - Level 1.7 Stealth
 - Level 7.0 Spellcasting
 - Level 1.0 Conjurations
 + Level 4.4 Fire Magic


You had 17 spell levels left.
You knew the following spells:

 Your Spells              Type           Power        Failure   Level  Hunger
a - Flame Tongue          Conj/Fire      ###..        3%          1    None
b - Throw Flame           Conj/Fire      ###...       6%          2    None

Your spell library contained the following spells:

 Spells                   Type           Power        Failure   Level  Hunger
 Conjure Flame            Conj/Fire      ###.....     12%         3    ##.....
 Inner Flame              Hex/Fire       ##......     14%         3    ##.....
 Sticky Flame             Conj/Fire      ###.....     36%         4    ####...
 Fireball                 Conj/Fire      ###.......   71%         5    #####..


Dungeon Overview and Level Annotations

Branches:
Dungeon (5/15)
 Temple: D:4-7

Altars:

Shops:
D:5 *

Annotations:
D:4 Eustachio
D:5 Ijyb


Innate Abilities, Weirdness & Mutations

You can breathe waves of freezing cold.
You can buffet flying creatures when you breathe cold.
Your icy white scales are hard. (AC +6)
You cannot fit into any form of body armour.
Your flesh is cold resistant. (rC+)
You are cold-blooded and may be slowed by cold attacks.


Message History

Ijyb zaps a wand.
The bolt of acid misses you.
It is a wand of acid (6).
Casting: Flame Tongue (safe; 3% risk of failure)
Confirm with . or Enter, or press ? or * to list all spells.
Aiming: Flame Tongue (safe; 3% risk of failure)
Press: ? - help, Shift-Dir - straight line, f/p - Ijyb
Aim: Ijyb, wielding a club, wearing a ring mail and carrying a wand of acid (6)
The flame tongue hits Ijyb.
Ijyb appears unharmed.
Ijyb is moderately wounded.
Ijyb zaps a wand.
The bolt of acid hits you!
You are splashed with acid!
The acid burns!
A jackal comes into view.
Press: ? - help, Shift-Dir - straight line, f/p - Ijyb
Aim: Ijyb, wielding a club, wearing a ring mail and carrying a wand of acid (5)
You exhale a wave of freezing cold.
The freezing breath hits Ijyb.
Ijyb is almost dead.
You are feeling hungry.
Ijyb zaps a wand.
The bolt of acid hits you!
* * * LOW HITPOINT WARNING * * *
The acid corrodes you!
You are splashed with acid!
The acid burns!
You die...

##### ####...#
#......# #.P.P..####
#..∩P.....#####
#.PPP.........#
#.............#
##@.####......#
#g.####......###
..............h.......
......................
##############...##...
#.......##...###.
#.................
#........#...###..
#........#.......


You could see Ijyb.

Vanquished Creatures
  Grinder (D:4)
  An ice beast (D:4)
  A phantom (D:4)
  An ogre (D:4)
  A howler monkey (D:3)
  A centaur zombie (D:3)
  3 orc priests (D:4)
  2 orc wizards (D:5)
  2 hounds
  Jessica (D:3)
  2 adders
  3 worms
  2 leopard geckos
  8 orcs
  4 bats
  6 giant cockroaches
  A goblin (D:3)
  8 jackals
  3 quokkas
  2 ball pythons
  4 frilled lizards
  8 kobolds
  A leopard gecko skeleton (D:4)
  2 rats
68 creatures vanquished.

Notes
Turn   | Place    | Note
-------+----------+-------------------------------------------
     0 | D:1      | WarriorsX the Draconian Fire Elementalist began the quest
                  | for the Orb.
     0 | D:1      | Reached XP level 1. HP: 14/14 MP: 3/3
   402 | D:1      | Reached XP level 2. HP: 13/20 MP: 0/5
  1039 | D:2      | Reached XP level 3. HP: 25/27 MP: 4/6
  1390 | D:3      | Learned a level 2 spell: Throw Flame
  1449 | D:3      | Noticed Jessica
  1452 | D:3      | Killed Jessica
  1686 | D:3      | Reached XP level 4. HP: 34/34 MP: 7/7
  1992 | D:3      | Reached skill level 5 in Fire Magic
  2563 | D:4      | Noticed an ogre
  2567 | D:4      | Noticed a phantom
  2568 | D:4      | Killed an ogre
  2568 | D:4      | Reached skill level 3 in Spellcasting
  2568 | D:4      | Reached XP level 5. HP: 39/39 MP: 7/10
  2820 | D:4      | Killed a phantom
  2820 | D:4      | Reached skill level 4 in Spellcasting
  2820 | D:4      | Reached XP level 6. HP: 37/46 MP: 5/12
  2897 | D:4      | Reached skill level 5 in Spellcasting
  3470 | D:4      | Noticed Grinder
  3479 | D:4      | Killed Grinder
  3479 | D:4      | Reached skill level 6 in Spellcasting
  3479 | D:4      | Your scales start taking on an icy white colour.
  3479 | D:4      | Reached XP level 7. HP: 48/51 MP: 11/16
  3479 | D:4      | Gained mutation: Your flesh is cold resistant. (rC+) [White
                  | Draconian growth]
  3611 | D:4      | Reached skill level 7 in Spellcasting
  3620 | D:4      | Noticed Eustachio
  3719 | D:5      | Entered Level 5 of the Dungeon
  3855 | D:5      | Found Tonkip's Assorted Antiques.
  3867 | D:5      | Noticed Ijyb
  3875 | D:5      | Splashed by Ijyb's acid

Skill      XL: |  1  2  3  4  5  6  7 |
---------------+----------------------+-----
Fire Magic     | 4 5 4 |  4.4
Spellcasting   | 3 4 6 7 |  7.0
Fighting       | |  0.3
Short Blades   | |  0.2
Dodging        | |  1.7
Stealth        | |  1.7
Conjurations   | |  1.0

Action                   |  1- 3 |  4- 6 |  7- 9 || total
-------------------------+-------+-------+-------++-------
Melee: Short sword       |    31 |       |       ||    31
       Tailslap          |     2 |     3 |       ||     5
       Trident           |     7 |    25 |     4 ||    36
 Cast: Flame Tongue      |    21 |    58 |    23 ||   102
       Throw Flame       |     8 |    42 |    16 ||    66
 Abil: Breathe Frost     |       |       |     1 ||     1
  Use: Potion            |       |     3 |       ||     3
 Stab: Sleeping          |     3 |     1 |       ||     4
  Eat: Chunk             |     3 |     1 |     1 ||     5
       Ration            |       |     2 |       ||     2
Armor: Skin              |    20 |    14 |     8 ||    42
Dodge: Dodged            |    31 |    78 |    12 ||   121
